 Dungeon Crawl Stone Soup version 0.30-a0-556-g0a0f5a245f (webtiles) character file.

Game seed: 9058027063379193644

46 Bnni the Vexing (level 3, 0/26 HPs)
             Began as a Formicid Hexslinger on Dec 27, 2022.
             Killed by nerve-wracking pain
             ... invoked by an orc priest
              (9 damage)
             ... on level 2 of the Dungeon.
             The game lasted 00:01:50 (2130 turns).

Bnni the Vexing (Formicid Hexslinger)               Turns: 2130, Time: 00:01:51

Health: 0/26       AC:  2    Str: 14    XL:     3   Next: 92%
Magic:  3/5        EV: 11    Int: 14    God:
Gold:   188        SH:  8    Dex: 14    Spells: 1/5 levels left

rFire   . . .      SeeInvis +    m - +0 sling (freeze)
rCold   . . .      Faith    .    p - +0 buckler
rNeg    . . .      Spirit   .    c - +0 robe
rPois   .          Reflect  +    (helmet unavailable)
rElec   .          Harm     .    (no cloak)
rCorr   .          Rampage  .    (no gloves)
Will    .....                    (no boots)
Stlth   +                        g - amulet of reflection
HPRegen 0.24/turn                (no ring)
MPRegen 0.09/turn                (no ring)

@: no status effects
A: permanent stasis, dig shafts and tunnels, antennae 3, four strong arms
a: Dig, Shaft Self


You were on level 2 of the Dungeon.
You visited 1 branch of the dungeon, and saw 3 of its levels.

You collected 188 gold pieces.

Inventory:

Hand Weapons
 a - a +1 sling
 m - a +0 sling of freezing (weapon)
 n - a +2 dagger of venom
Armour
 c - a +0 robe (worn)
 p - a +0 buckler (worn)
Jewellery
 g - an amulet of reflection (around neck)
Scrolls
 b - a scroll of poison
 e - a scroll of enchant weapon {unknown}
 f - a scroll of fear {unknown}
 i - a scroll of silence {unknown}
 k - a scroll of enchant armour {unknown}
 l - a scroll of identify {unknown}
Potions
 d - 2 potions of curing {unknown}
 h - a potion of brilliance {unknown}
 j - a potion of haste {unknown}
 o - a potion of attraction {unknown}


   Skills:
 + Level 1.5 Fighting
 * Level 2.7 Ranged Weapons
 - Level 1.7 Dodging
 + Level 0.0 Shields
 + Level 1.7 Spellcasting
 * Level 4.2 Hexes
 + Level 0.7 Fire Magic


You had one spell level left.
You knew the following spells:

 Your Spells              Type           Power      Damage    Failure   Level
a - Slow                  Hex            52%        N/A       5%          1
b - Inner Flame           Hex/Fire       8%         N/A       32%         3

Your spell library contained the following spells:

 Spells                   Type           Power      Damage    Failure   Level
 Portal Projectile        Hex/Tloc       14%        N/A       36%         3
 Cause Fear               Hex            6%         N/A       47%         4


Dungeon Overview and Level Annotations

Branches:
Dungeon (3/15)

Altars:
Fedhas


Innate Abilities, Weirdness & Mutations

You cannot be hasted, slowed, berserked, paralysed or teleported.
You can dig through walls and to a lower floor.
You have a pair of large antennae on your head. (SInv)
Your four strong arms can wield two-handed weapons with a shield.


Message History

Press: ? - help, Shift-Dir - straight line, f/p - orc priest
Aim: an orc priest, wielding a +0 hand axe (chance to affect: 47%)
The orc priest seems to slow down.
The orc priest hits you with a +0 hand axe.
You are too injured to fight recklessly!
Fire: m) +0 sling (freeze)
Press: ? - help, Shift-Dir - straight line, f/p - orc priest
Aim: an orc priest, wielding a +0 hand axe (slow, 56% to hit)
You shoot a sling bullet.
The sling bullet barely misses the orc priest.
Fire: m) +0 sling (freeze)
Press: ? - help, Shift-Dir - straight line, f/p - orc priest
Aim: an orc priest, wielding a +0 hand axe (slow, 56% to hit)
You shoot a sling bullet. The sling bullet hits the orc priest.
The sling bullet freezes the orc priest.
The orc priest is moderately wounded.
The orc priest invokes the aid of Beogh against you.
Pain shoots through your body!
Fire: m) +0 sling (freeze)
Press: ? - help, Shift-Dir - straight line, f/p - orc priest
Aim: an orc priest, wielding a +0 hand axe (moderately wounded, slow, 56% to hit)
You shoot a sling bullet.
The sling bullet closely misses the orc priest.
The orc priest looks encouraged for a moment.
Fire: m) +0 sling (freeze)
Press: ? - help, Shift-Dir - straight line, f/p - orc priest
Aim: an orc priest, wielding a +0 hand axe (moderately wounded, slow, 56% to hit)
You shoot a sling bullet. The sling bullet hits the orc priest.
The sling bullet freezes the orc priest.
The orc priest is heavily wounded.
The orc priest begins to cast a cantrip, but forgets the words!
Fire: m) +0 sling (freeze)
Press: ? - help, Shift-Dir - straight line, f/p - orc priest
Aim: an orc priest, wielding a +0 hand axe (heavily wounded, slow, 56% to hit)
You shoot a sling bullet.
The sling bullet hits the orc priest but does no damage.
The orc priest is heavily wounded.
The orc priest mumbles some strange prayers to Beogh against you.
Pain shoots through your body!
You die...

.##.####.#.#..###.###.##..|#.#
.##.#....#.#..#...<........#.#
.##.##.#.#.#........#.##.#.#.#
.##.#....#.#.#.............#.##
.##.#..#.#(#.#..#.#.#.........#
.##.#..#.#.........(.......#..###
###.#..#####.#......#.####.#.....
....#.....##.######.#.####.#.####
######.##.##...o@...#....#.#.# #
#.##.#########.####.#.#.# #
#.##.###.......# #.#.#.# #
######.#....(.......# #.#.#.# #
.....#.######.#####.# #.#.#.# #
####.#..............# #.#.#.# #
...#.########.##########.#.#.# #
.#.......................#.#.# #
.#.#.########.############.#.####


You could see an orc priest (slow).

Vanquished Creatures
  An adder (D:2)
  5 ball pythons
  3 bats (D:2)
  2 endoplasms (D:2)
  A giant cockroach (D:1)
  3 hobgoblins
  8 jackals (D:1)
  2 quokkas (D:1)
  2 frilled lizards
  3 kobolds
  3 rats
33 creatures vanquished.

Notes
Turn   | Place    | Note
-------+----------+-------------------------------------------
     0 | D:1      | Bnni the Formicid Hexslinger began the quest for the Orb.
     0 | D:1      | Reached XP level 1. HP: 15/15 MP: 2/2
    63 | D:1      | Reached XP level 2. HP: 9/21 MP: 3/3
   361 | D:1      | Reached skill level 4 in Hexes
   411 | D:1      | Reached XP level 3. HP: 17/26 MP: 5/5
   415 | D:1      | Learned a level 3 spell: Inner Flame
  2120 | D:3      | Found a blossoming altar of Fedhas.
  2130 | D:2      | Killed from afar by an orc priest

Illustrated notes

Levels and vault maps discovered:
D:1:      heliophobic_arrival_glass_houses, layout_basic
D:2:      layout_basic
D:3:      layout_rooms, nicolae_dithmenos_the_darkroom, fedhas_altar_1,
          grunt_temple_overflow_open, shapermc_ecumenical_altar_starsandcircs

Skill      XL: |  1  2 |
---------------+-------+-----
Hexes          | 4 |  4.2
Fighting       | |  1.5
Ranged Weapons | |  2.7
Dodging        | |  1.7
Spellcasting   | |  1.7
Fire Magic     | |  0.7

Action                   || total
-------------------------++-------
 Fire: Sling             ||   117
 Cast: Slow              ||     4
Armor: Robe              ||    10
Dodge: Dodged            ||    55
Block: Other             ||     3
       Buckler           ||     1

Table legend: (Time is in decaauts)
 A = Elapsed time spent in this place.
 B = Non-inter-level travel time spent in this place.
 C = Inter-level travel time spent in this place.
 D = Time resting spent in this place.
 E = Time spent auto-exploring this place.
 F = Levels seen in this place.
 G = Mean time per level.
                   A        B        C        D        E       F      G
               +--------+--------+--------+--------+--------+-----+--------+
         Total |   2161 |   2098 |     63 |    101 |   1726 |   3 |  720.3 |
       Dungeon |   2161 |   2098 |     63 |    101 |   1726 |   3 |  720.3 |
               +--------+--------+--------+--------+--------+-----+--------+

Top non-repeatable levels by time:
     D:2: 1232 daAuts
     D:1: 927 daAuts
     D:3: 1 daAuts
